AoeStats
← imissyouyuki

Pilgrims

510040726Analyzed
2v2 RM · 4d ago on Sep 29, 2026· 31m 56s· 4 players
Game mode
Random Map
Map size
Medium (4 player)
Population
200
Speed
Normal
Resources
Standard
Victory
Conquest
Starting age
Dark Age
Ending age
Imperial Age
RankedLock teamsTeams togetherTeam positionsShared explorationLock speedFull tech treeHidden civsTurbo modeCheats
Victory
Defeat
🇲🇽 Italians · Mexico
1108
+12
🇹🇼 Maya · Taiwan
1004
+17
🇦🇷 Koreans · Argentina
1043
-15
🇺🇸 Slavs · United States
1004
-14
Culona
3:19 Loom
12:29 Feudal Age
14:57 Fletching
17:49 Horse Collar
17:58 Double-Bit Axe
24:07 Castle Age
24:48 Bodkin Arrow
26:39 Ballistics
27:29 Stone Mining
gbecerro
3:30 Loom
16:27 Feudal Age
18:13 Wheelbarrow
17:24 Double-Bit Axe
17:34 Gold Mining
17:09 Man-at-Arms
21:43 Bloodlines
22:59 Fishing Lines
25:59 Scale Mail Armor
28:14 Fletching
29:48 Forging
29:40 Padded Archer Armor
MZTK | GaboxNet .i.
8:59 Loom
10:53 Feudal Age
22:12 Castle Age
24:08 Medium Warships
23:40 Fishing Lines
26:29 Scale Barding Armor
28:16 Bloodlines
imissyouyuki
8:33 Loom
12:30 Feudal Age
13:07 Double-Bit Axe
15:08 Fletching
15:32 Padded Archer Armor
16:46 Wheelbarrow
17:27 Fishing Lines
19:45 Horse Collar
25:31 Castle Age
25:16 Gold Mining
25:16 Stone Mining
26:21 Thumb Ring
26:14 Bodkin Arrow
26:35 Leather Archer Armor
26:19 Crossbowman
30:10 Hand Cart
Connection lost

Rejoining the realm…

Still unreachable

The connection could not be restored.

Session expired

The server has moved on; the page needs a fresh start.